 Dungeon Crawl Stone Soup version 0.27-a0-34-gc18c9092ac (webtiles) character file.

Game seed: 3155125408244926391

200 pistachioham the Vexing (level 5, -9/41 HPs)
             Began as a Gnoll Arcane Marksman on Jan 4, 2021.
             Mangled by a gnoll
             ... wielding a +2 halberd of protection
              (17 damage)
             ... on level 3 of the Dungeon.
             The game lasted 00:20:03 (3069 turns).

pistachioham the Vexing (Gnoll Arcane Marksman)     Turns: 3069, Time: 00:20:03

Health: -9/41      AC:  6    Str: 13    XL:     5   Next: 79%
Magic:  1/9        EV: 15    Int: 16    God:
Gold:   163        SH:  0    Dex: 15    Spells: 1/10 levels left

rFire    + . .     SeeInvis .   b - +0 short sword
rCold    + . .     Faith    .   (no shield)
rNeg     . . .     Spirit   .   e - +0 robe
rPois    .         Reflect  .   (no helmet)
rElec    .         Harm     .   k - scarf {rC+ rF+}
rCorr    .         Rampage  .   (no gloves)
Will     .....                  (no boots)
Stlth    +.........             (no amulet)
HPRegen  0.13/turn              (no ring)
MPRegen  0.11/turn              s - +4 ring of protection

@: confused, brilliant
A: distributed training, fangs 1, strong nose
a: no special abilities


You were on level 3 of the Dungeon.
You visited 1 branch of the dungeon, and saw 3 of its levels.

You collected 163 gold pieces.

Inventory:

Hand Weapons
 a - a +0 shortbow
 b - a +0 short sword (weapon)
 g - a +1 dagger of draining
Missiles
 d - 43 arrows
Armour
 e - a +0 robe (worn)
 k - a scarf of resistance (worn)
 u - a scarf of invisibility
Jewellery
 s - a +4 ring of protection (right hand)
Wands
 f - a wand of polymorph (4)
Scrolls
 c - 3 scrolls of identify
 p - 2 scrolls of remove curse
 r - a scroll of immolation
Potions
 i - a potion of brilliance


   Skills:
 + Level 3.0 Fighting
 + Level 1.6 Short Blades
 + Level 1.6 Long Blades
 + Level 1.6 Axes
 + Level 1.6 Maces & Flails
 + Level 1.6 Polearms
 + Level 1.6 Staves
 + Level 1.6 Slings
 + Level 4.8 Bows
 + Level 1.6 Crossbows
 + Level 1.6 Throwing
 + Level 1.6 Armour
 + Level 4.8 Dodging
 + Level 1.6 Stealth
 + Level 1.6 Shields
 + Level 1.6 Unarmed Combat
 + Level 3.2 Spellcasting
 + Level 1.3 Conjurations
 + Level 5.6 Hexes
 + Level 1.3 Summonings
 + Level 1.3 Necromancy
 + Level 1.3 Translocations
 + Level 1.3 Transmutations
 + Level 1.3 Fire Magic
 + Level 1.3 Ice Magic
 + Level 1.3 Air Magic
 + Level 1.3 Earth Magic
 + Level 1.3 Poison Magic
 + Level 1.8 Invocations
 + Level 1.6 Evocations


You had one spell level left.
You knew the following spells:

 Your Spells              Type           Power        Failure   Level
a - Corona                Hex            33%          1%          1
b - Slow                  Hex            30%          2%          2
c - Portal Projectile     Hex/Tloc       40%          13%         3
d - Inner Flame           Hex/Fire       20%          13%         3

Your spell library contained the following spells:

 Spells                   Type           Power        Failure   Level
 Cause Fear               Hex            15%          19%         4
 Leda's Liquefaction      Hex/Erth       10%          41%         4


Dungeon Overview and Level Annotations

Branches:
Dungeon (3/15)

Altars:


Innate Abilities, Weirdness & Mutations

Your experience applies equally to all skills.
You have very sharp teeth.
Your uncanny sense of smell can sniff out nearby items.


Message History

You enter a dispersal trap!
The gnoll blinks!
You blink.
A puff of flame appears from out of thin air!
The puff of flame hits you. You resist.
A bat comes into view.
The gnoll shouts!
You hear a shout! x2
The bat moves out of view.
You see here an adder corpse.
You are confused.
You bump into the rock wall.
The gnoll closely misses you. The gnoll completely misses you.
The gnoll misses you.
You miss the gnoll. The gnoll closely misses you. x2
The gnoll hits you with a cursed -1 whip.
* * * LOW HITPOINT WARNING * * *
Unknown command.
You feel clever all of a sudden. The bat misses you.
The bat closely misses you. The gnoll hits you but does no damage.
The gnoll closely misses you.
The gnoll hits you with a +2 halberd of protection!
You die...

#.# #####†#...(..(.#.(.## #
#.# #b..S.#.............#.#
#.# #.#####...............#
#.#
####÷#####...............#
#g#
#........................#
#g#
#.#.######...............#
...
#.#.######†..............#
..##
#.......†..g(..........#.#
..# #....(.(g@#######....##
. ..#
#.##..(()..bg.<............
..#
#....<#†.....#####.......##
.g........#...####
......... ##..........#
........... ............#
..(......#. ##..........#
###...>#...#∆ #....#...>∆


You could see 3 gnolls and a bat.

Vanquished Creatures
  An orc wizard (D:3)
  Ijyb (D:3)
  An iguana (D:2)
  6 adders
  2 worms (D:2)
  A dart slug (D:1)
  3 orcs (D:3)
  4 giant cockroaches
  4 goblins
  7 hobgoblins
  3 jackals (D:2)
  10 kobolds
  2 quokkas
  A ball python (D:2)
  6 bats
  7 frilled lizards
  6 rats
65 creatures vanquished.

Vanquished Creatures (others)
  2 plants (D:2)
2 creatures vanquished.

Grand Total: 67 creatures vanquished

Notes
Turn   | Place    | Note
-------+----------+-------------------------------------------
     0 | D:1      | pistachioham the Gnoll Arcane Marksman began the quest for
                  | the Orb.
     0 | D:1      | Reached XP level 1. HP: 17/17 MP: 4/4
   219 | D:1      | Reached XP level 2. HP: 23/23 MP: 2/5
   870 | D:2      | Reached XP level 3. HP: 19/28 MP: 4/7
  1396 | D:2      | Reached skill level 1 in Invocations
  1422 | D:2      | Reached skill level 1 in Short Blades
  1422 | D:2      | Reached skill level 1 in Long Blades
  1422 | D:2      | Reached skill level 1 in Axes
  1422 | D:2      | Reached skill level 1 in Maces & Flails
  1422 | D:2      | Reached skill level 1 in Polearms
  1422 | D:2      | Reached skill level 1 in Staves
  1422 | D:2      | Reached skill level 1 in Slings
  1422 | D:2      | Reached skill level 1 in Crossbows
  1422 | D:2      | Reached skill level 1 in Throwing
  1422 | D:2      | Reached skill level 1 in Armour
  1422 | D:2      | Reached skill level 1 in Stealth
  1422 | D:2      | Reached skill level 1 in Shields
  1422 | D:2      | Reached skill level 1 in Unarmed Combat
  1422 | D:2      | Reached skill level 1 in Evocations
  1431 | D:2      | Learned a level 2 spell: Slow
  1435 | D:2      | Learned a level 3 spell: Portal Projectile
  1675 | D:2      | Reached XP level 4. HP: 34/34 MP: 8/8
  2271 | D:3      | Noticed Ijyb
  2418 | D:3      | Killed Ijyb
  2419 | D:3      | Reached skill level 1 in Conjurations
  2419 | D:3      | Reached skill level 1 in Summonings
  2419 | D:3      | Reached skill level 1 in Necromancy
  2419 | D:3      | Reached skill level 1 in Translocations
  2419 | D:3      | Reached skill level 1 in Transmutations
  2419 | D:3      | Reached skill level 1 in Fire Magic
  2419 | D:3      | Reached skill level 1 in Ice Magic
  2419 | D:3      | Reached skill level 1 in Air Magic
  2419 | D:3      | Reached skill level 1 in Earth Magic
  2419 | D:3      | Reached skill level 1 in Poison Magic
  2451 | D:3      | Reached XP level 5. HP: 36/40 MP: 9/9
  2548 | D:2      | Learned a level 3 spell: Inner Flame
  3069 | D:3      | Mangled by a gnoll

Illustrated notes

Levels and vault maps discovered:
D:1:      zelgadis_glass_arrival_small, layout_basic
D:2:      layout_basic, serial_forest, infiniplex_forest_end_2,
          infiniplex_forest_lined_4_way, infiniplex_forest_side_room,
          infiniplex_forest_end_1, infiniplex_forest_lined_2,
          infiniplex_forest_clump_large, infiniplex_forest_lined_room_2,
          infiniplex_forest_clump_large, infiniplex_forest_end_3,
          infiniplex_forest_lined_room_2
D:3:      layout_loops_ring, uniq_ijyb, uniq_robin

Skill      XL: |  1  2  3  4  5 |
---------------+----------------+-----
Invocations    | 1 |  1.8
Short Blades   | 1 |  1.6
Long Blades    | 1 |  1.6
Axes           | 1 |  1.6
Maces & Flails | 1 |  1.6
Polearms       | 1 |  1.6
Staves         | 1 |  1.6
Slings         | 1 |  1.6
Crossbows      | 1 |  1.6
Throwing       | 1 |  1.6
Armour         | 1 |  1.6
Stealth        | 1 |  1.6
Shields        | 1 |  1.6
Unarmed Combat | 1 |  1.6
Evocations     | 1 |  1.6
Spellcasting   | 3 |  3.2
Conjurations   | 1 |  1.3
Summonings     | 1 |  1.3
Necromancy     | 1 |  1.3
Translocations | 1 |  1.3
Transmutations | 1 |  1.3
Fire Magic     | 1 |  1.3
Ice Magic      | 1 |  1.3
Air Magic      | 1 |  1.3
Earth Magic    | 1 |  1.3
Poison Magic   | 1 |  1.3
Fighting       | 3 |  3.0
Bows           | |  4.8
Dodging        | |  4.8
Hexes          | |  5.6

Action                   |  1- 3 |  4- 6 || total
-------------------------+-------+-------++-------
Melee: Short sword       |    77 |    96 ||   173
       Bite              |     2 |     7 ||     9
       Unarmed           |       |     2 ||     2
       Shortbow          |       |     1 ||     1
       Punch             |       |     2 ||     2
 Fire: Shortbow          |    37 |    40 ||    77
 Cast: Corona            |    22 |    16 ||    38
       Slow              |       |     3 ||     3
       Inner Flame       |       |     1 ||     1
  Use: Scroll            |       |     8 ||     8
       Potion            |       |     9 ||     9
 Stab: Sleeping          |     1 |       ||     1
Armor: Robe              |    12 |    39 ||    51
Dodge: Dodged            |    75 |   133 ||   208

Table legend: (Time is in decaauts)
 A = Elapsed time spent in this place.
 B = Non-inter-level travel time spent in this place.
 C = Inter-level travel time spent in this place.
 D = Time resting spent in this place.
 E = Time spent auto-exploring this place.
 F = Levels seen in this place.
 G = Mean time per level.
                   A        B        C        D        E       F      G
               +--------+--------+--------+--------+--------+-----+--------+
         Total |   3059 |   2987 |     72 |    710 |    875 |   3 | 1019.7 |
       Dungeon |   3059 |   2987 |     72 |    710 |    875 |   3 | 1019.7 |
               +--------+--------+--------+--------+--------+-----+--------+

Top non-repeatable levels by time:
     D:2: 1806 daAuts
     D:1: 830 daAuts
     D:3: 422 daAuts
